 Dungeon Crawl Stone Soup version 0.29-a0-330-g52719c12eb (webtiles) character file.

Game seed: 6760997064556477428

2 Argons the Firebug (level 1, -1/15 HPs)
             Began as a Ghoul Fire Elementalist on May 7, 2022.
             Slain by a hobgoblin (4 damage)
             ... on level 1 of the Dungeon.
             The game lasted 00:00:43 (109 turns).

Argons the Firebug (Ghoul Fire Elementalist)         Turns: 109, Time: 00:00:44

Health: -1/15      AC:  2    Str: 11    XL:     1   Next: 40%
Magic:  1/2        EV: 12    Int: 10    God:
Gold:   24         SH:  0    Dex:  9    Spells: 2/3 levels left

rFire   . . .      SeeInvis .   (no weapon)
rCold   + . .      Faith    .   (no shield)
rNeg    + + +      Spirit   .   a - +0 robe
rPois   ∞          Reflect  .   (no helmet)
rElec   .          Harm     .   (no cloak)
rCorr   .          Rampage  .   (no gloves)
Will    .....                   (no boots)
Stlth   ++........              (no amulet)
HPRegen 0.00/turn               (no ring)
MPRegen 0.08/turn               (no ring)

@: inhibited regen
A: claws 1, cold resistance 1, negative energy resistance 3, inhibited
regeneration, torment resistance 2, devour on kill
a: no special abilities


You were on level 1 of the Dungeon.
You visited 1 branch of the dungeon, and saw 1 of its levels.

You collected 24 gold pieces.

Inventory:

Armour
 a - a +0 robe (worn)
Potions
 b - a potion of magic
 c - a potion of haste {unknown}
 d - 2 potions of cancellation {unknown}


   Skills:
 + Level 0.4 Fighting
 - Level 1.7 Dodging
 - Level 2.1 Stealth
 + Level 0.4 Unarmed Combat
 - Level 1.7 Spellcasting
 - Level 0.7 Conjurations
 - Level 2.4 Fire Magic


You had 2 spell levels left.
You knew the following spells:

 Your Spells              Type           Power      Damage    Failure   Level
a - Foxfire               Conj/Fire      16%        2x1d4     17%         1

Your spell library contained the following spells:

 Spells                   Type           Power      Damage    Failure   Level
 Scorch                   Fire           10%        2d6       19%         2
 Conjure Flame            Conj/Fire      4%         6-21      45%         3
 Inner Flame              Hex/Fire       3%         N/A       52%         3
 Flame Wave               Conj/Fire      4%         2d5       86%         4


Dungeon Overview and Level Annotations

Branches:
Dungeon (1/15)

Altars:


Innate Abilities, Weirdness & Mutations

You are immune to poison.
You have sharp fingernails.
Your flesh is cold resistant. (rC+)
You are immune to negative energy. (rN+++)
You do not regenerate when monsters are visible.
You are immune to unholy pain and torment.
You thrive by killing the living.


Message History

A ball python comes into view.
A bat comes into view.
The ball python hisses angrily.
You hear a shout! x2
A hobgoblin comes into view.
Casting: Foxfire (safe; 17% risk of failure)
Confirm with . or Enter, or press ? or * to list all spells.
You conjure some foxfire!
The foxfire hits the ball python.
You kill the ball python!
Your foxfire dissipates!
A hobgoblin comes into view.
Casting: Foxfire (safe; 17% risk of failure)
Confirm with . or Enter, or press ? or * to list all spells.
You conjure some foxfire!
The bat closely misses you.
The foxfire hits the bat.
The bat is heavily wounded.
The foxfire hits the bat.
The bat is severely wounded.
The bat hits you but does no damage. The bat hits you.
You scratch the bat but do no damage.
The bat is heavily wounded.
The bat closely misses you. The hobgoblin hits you.
The bat hits you but does no damage. The hobgoblin barely misses you.
The hobgoblin attacks as you move away! The hobgoblin hits you.
The bat hits you but does no damage.
You scratch the bat.
You kill the bat!
The hobgoblin hits you.
* * * LOW HITPOINT WARNING * * *
You closely miss the hobgoblin. The hobgoblin hits you.
* * * LOW HITPOINT WARNING * * *
You barely miss the hobgoblin.
The hobgoblin hits you but does no damage.
You closely miss the hobgoblin. The hobgoblin closely misses you.
You closely miss the hobgoblin. Your claw misses the hobgoblin.
The hobgoblin barely misses you.
You scratch the hobgoblin.
The hobgoblin is heavily wounded.
The hobgoblin hits you.
You die...

#.... #.. #....... #..
#....... ####.# . #w... ..
#....# ..#.... .. ##.#..# #
....... .##.....###.##..#
.......###.#....g........#
...........#.###g#####.....#
.###.#.......# #@## ..#
#.........## #..# ?$.#
#.......#.## ##.# ...#
#.....####.###.## ####...##
#...... ##.#.## ##.......#
#......# ##.## ##....:...#
#.....#.###.#.###.#.......#
#.....##.#.#.#.#.##........
#.....###.#.<.#.###........


You could see 2 hobgoblins.

Vanquished Creatures
  A bat (D:1)
  A ball python (D:1)
  A rat (D:1)
3 creatures vanquished.

Vanquished Creatures (others)
  4 foxfires (D:1)
4 creatures vanquished.

Grand Total: 7 creatures vanquished

Notes
Turn   | Place    | Note
-------+----------+-------------------------------------------
     0 | D:1      | Argons the Ghoul Fire Elementalist began the quest for the
                  | Orb.
     0 | D:1      | Reached XP level 1. HP: 14/14 MP: 2/2
   109 | D:1      | Slain by a hobgoblin

Illustrated notes

Levels and vault maps discovered:
D:1:      minmay_arrival_diagonal_passages, layout_basic,
          dreamdust_ecumenical_altar_hidden_monk_grotto

Action                   || total
-------------------------++-------
Melee: Unarmed           ||     7
 Cast: Foxfire           ||     3
Armor: Robe              ||     4
Dodge: Dodged            ||     5

Table legend: (Time is in decaauts)
 A = Elapsed time spent in this place.
 B = Non-inter-level travel time spent in this place.
 C = Inter-level travel time spent in this place.
 D = Time resting spent in this place.
 E = Time spent auto-exploring this place.
 F = Levels seen in this place.
 G = Mean time per level.
                   A        B        C        D        E       F      G
               +--------+--------+--------+--------+--------+-----+--------+
         Total |    109 |    109 |      0 |     10 |      0 |   1 |  109.0 |
       Dungeon |    109 |    109 |      0 |     10 |      0 |   1 |  109.0 |
               +--------+--------+--------+--------+--------+-----+--------+

Top non-repeatable levels by time:
     D:1: 109 daAuts
